cohdb
Replays
Latest Replays
All Replays
Popular Replays
Top Player Replays
Match Explorer
How It Works
Community
CoH3 Stats
Reddit
Sign in to upload your games and track your stats! →
Sign in with Steam
Match 42422936
Unlisted
Match 42422936
Overview
Messages
Build Orders
End
Construct Infanterie Kompanie
Selects Mechanized Battlegroup
MG 42 Machine Gun Team
Grenadier Squad
Grenadier Squad
Construct Luftwaffe Kompanie
Jäger Squad
Jäger Squad
Selects Raid Package
Forward Retreat Point
Medical Bunker
Jäger Squad
Construct Panzer Kompanie
Selects StuG Assault Group
Selects UNKNOWN (2160084)
Selects Spotting Scopes
Panther Heavy Tank
Selects Stoßtruppen Assault Package
[lol] Jokurino
Redbone
cbas1995
Death to China
Crazy Dog
whysoserious
gUi
Finch
0
0
Comments
sign in to comment!
No comments posted yet!